 Seeded DCSS version 0.29.1-15-g9cfb28693d (webtiles) character file.

Game seed: 1005979220513258592 (custom seed)

3401 Psyclone the Ducker (level 9, -2/54 HPs)
             Began as a Deep Elf Fire Elementalist on Sept 21, 2023.
             Was an Initiate of Gozag.
             Killed from afar by a steam dragon (13 damage)
             ... with a ball of steam
             ... on level 8 of the Dungeon.
             The game lasted 00:25:17 (11452 turns).

Psyclone the Ducker (Deep Elf Fire Elementalist)   Turns: 11452, Time: 00:25:18

Health: -2/54      AC:  5    Str:  5    XL:     9   Next: 75%
Magic:  9/20       EV: 14    Int: 25    God:    Gozag
Gold:   889        SH:  7    Dex: 15    Spells: 6/20 levels left

rFire   . . .      SeeInvis .   j - +0 dagger (speed)
rCold   . . .      Faith    .   u - +2 buckler {reflect}
rNeg    . . .      Spirit   .   a - +0 robe
rPois   +          Reflect  +   (no helmet)
rElec   .          Harm     .   s - +0 cloak
rCorr   .          Rampage  .   r - +0 pair of gloves
Will    .....                   k - +0 pair of boots
Stlth   ++........              (no amulet)
HPRegen 0.18/turn               i - ring of poison resistance
MPRegen 0.17/turn               C - ring of flight

@: on blink cooldown, flying
A: no striking features
a: Renounce Religion, Potion Petition, Call Merchant, Bribe Branch


You were on level 8 of the Dungeon.
You worshipped Gozag.
Gozag was pleased with you.
You visited 2 branches of the dungeon, and saw 9 of its levels.

You collected 988 gold pieces.
You paid 99 gold pieces to Gozag.

Inventory:

Hand Weapons
 j - a +0 dagger of speed (weapon)
Missiles
 A - a throwing net {!f}
Armour
 a - a +0 robe (worn)
 k - a +0 pair of boots (worn)
 r - a +0 pair of gloves (worn)
 s - a +0 cloak (worn)
 u - a +2 buckler of reflection (worn)
Jewellery
 i - a ring of poison resistance (left hand)
 C - a ring of flight (right hand)
Wands
 z - a wand of digging (5)
 E - a wand of light (9)
Scrolls
 f - 5 scrolls of acquirement {unknown}
 g - 2 scrolls of enchant weapon {unknown}
 m - 7 scrolls of identify {unknown}
 o - 3 scrolls of vulnerability {unknown}
 p - a scroll of immolation {unknown}
 v - a scroll of enchant armour {unknown}
 w - 2 scrolls of blinking {unknown}
 y - 2 scrolls of teleportation {unknown}
 F - a scroll of torment {unknown}
Potions
 b - a potion of magic
 c - 3 potions of cancellation {unknown}
 d - 3 potions of lignification {unknown}
 e - a potion of haste {unknown}
 h - 3 potions of mutation {unknown}
 l - 4 potions of might {unknown}
 n - a potion of resistance {unknown}
 q - 2 potions of attraction {unknown}
 t - a potion of heal wounds
 x - 4 potions of curing
 B - a potion of invisibility {unknown}
 D - 2 potions of brilliance


   Skills:
 * Level 5.5 Fighting
 + Level 6.2 Dodging
 - Level 2.4 Stealth
 - Level 4.0 Shields
 - Level 6.0 Spellcasting
 - Level 6.0 Conjurations
 - Level 6.0 Translocations
 - Level 6.0 Fire Magic


You had 6 spell levels left.
You knew the following spells:

 Your Spells              Type           Power      Damage    Failure   Level
a - Foxfire               Conj/Fire      100%       2x1d9     1%          1
b - Lesser Beckoning      Tloc           37%        N/A       2%          3
c - Conjure Flame         Conj/Fire      37%        6-21      2%          3
d - Scorch                Fire           74%        2d9       1%          2
e - Inner Flame           Hex/Fire       22%        N/A       9%          3
q - Blink                 Tloc           74%        N/A       1%          2

Your spell library contained the following spells:

 Spells                   Type           Power      Damage    Failure   Level
 Flame Wave               Conj/Fire      37%        2d10      8%          4
 Poisonous Vapours        Pois/Air       14%        N/A       14%         2
 Fireball                 Conj/Fire      18%        3d9       22%         5
 Iskenderun's Battlesphe  Conj           37%        2d9       22%         5
 Manifold Assault         Tloc           37%        N/A       22%         5
 Conjure Ball Lightning   Conj/Air       11%        3x3d6     99%         6
 Orb of Destruction       Conj           18%        9d8       100%        7
 Corpse Rot               Necr/Pois/Air  Unusable   N/A       N/A         4

Dungeon Overview and Level Annotations

Branches:
Dungeon (8/15) Zot: 25439  Temple (1/1) D:6 Zot: 5776
   Lair: D:8-11

Altars:
Ashenzari
Cheibriados
Dithmenos
Elyvilon
Fedhas
Gozag
Kikubaaqudgha
Makhleb
Nemelex Xobeh
Okawaru
Qazlal
Sif Muna
Trog
Uskayaw
Vehumet
Wu Jian
Xom
Yredelemnul
The Shining One

Shops:
D:4 *   D:6 :

Annotations:
D:6 3 runed translucent doors, Twinkles's ghost, novice VSCj
D:7 2 transporters, exclusion: downstairs, GnoME's ghost, novice TrBe


Message History

You feel stable enough to blink again.
Casting: Blink (safe; 1% risk of failure)
Confirm with . or Enter, or press ? or * to list all spells.
You blink.
You now have 14/20 mp.
You feel stable enough to blink again. The steam dragon breathes steam at you.
The ball of steam hits you!!
* * * LOW HITPOINT WARNING * * *
You take 18 damage, and have 1/54 hp.
MASSIVE DAMAGE!!
You feel much better.
You regained 31 hp, and now have 32/54 hp.
Casting: Blink (safe; 1% risk of failure)
Confirm with . or Enter, or press ? or * to list all spells.
Flames lash the steam dragon.
The steam dragon is moderately wounded.
The steam dragon's fire resistance burns away.
You now have 13/20 mp.
Casting: Scorch (safe; 1% risk of failure)
Confirm with . or Enter, or press ? or * to list all spells.
Flames lash the steam dragon.
The steam dragon is burned terribly!
The steam dragon is heavily wounded.
You now have 11/20 mp.
The steam dragon breathes steam at you. The ball of steam hits you!!
* * * LOW HITPOINT WARNING * * *
You take 22 damage, and have 10/54 hp.
MASSIVE DAMAGE!!
Casting: Scorch (safe; 1% risk of failure)
Confirm with . or Enter, or press ? or * to list all spells.
Flames lash the steam dragon.
The steam dragon is burned terribly!
The steam dragon is severely wounded.
You now have 10/20 mp.
Casting: Scorch (safe; 1% risk of failure)
Confirm with . or Enter, or press ? or * to list all spells.
You blink.
You now have 8/20 mp.
The steam dragon breathes steam at you. The ball of steam hits you!
You die...
Your body crumbles into a pile of gold.

....♣P......#
..♣.⌠.#######
......# ......#
......# ......#
......############
#####.......D.§§.#
#...#.......####@#
#...#..#########.#
#...#.#.........##
'...#.#.≈≈≈≈≈≈≈.
#...#.#≈..≈≈≈..≈
#...#.#≈.≈...≈.≈
#...#.#≈.≈._.≈.≈
....#.#≈.≈...≈.≈
....#.#≈..≈≈≈..


There were no monsters in sight!

Vanquished Creatures
  A hornet (D:8)
  Prince Ribbit (D:8)
  A wyvern (D:7)
  A steam dragon (D:8)
  Menkaure (D:4)
  2 water moccasins
  3 sky beasts
  5 ice beasts
  A phantom (D:6)
  A bullfrog (D:6)
  4 scorpions (D:8)
  4 wights (D:7)
  An electric eel (D:8)
  5 howler monkeys
  7 hounds
  Crazy Yiuf (D:2)
  An orc priest (D:6)
  2 gnoll boudas
  4 jellies
  Jessica (D:2)
  An iguana (D:6)
  2 orc wizards (D:7)
  6 gnolls
  6 adders
  4 shadow imps (D:8)
  4 white imps
  4 ufetubi
  5 worms
  2 dart slugs
  18 orcs
  4 ball pythons
  5 bats
  7 endoplasms
  4 giant cockroaches
  5 goblins
  9 hobgoblins
  2 jackals (D:1)
  2 quokkas
  3 frilled lizards (D:1)
  4 kobolds
  5 rats
  A spectral orc (D:4)
150 creatures vanquished.

Vanquished Creatures (collateral kills)
  3 foxfires (D:8)
3 creatures vanquished.

Vanquished Creatures (others)
  4 demonic plants (D:8)
  834 foxfires
  15 fungi (D:8)
853 creatures vanquished.

Grand Total: 1006 creatures vanquished

Notes
Turn   | Place    | Note
-------+----------+-------------------------------------------
     0 | D:1      | Psyclone the Deep Elf Fire Elementalist began the quest for
                  | the Orb.
     0 | D:1      | Reached XP level 1. HP: 10/10 MP: 6/6
   416 | D:1      | Reached XP level 2. HP: 15/15 MP: 4/8
  1145 | D:1      | You fall into a shaft and drop 1 floor!
  1176 | D:2      | Reached XP level 3. HP: 19/19 MP: 3/10
  1401 | D:2      | Learned a level 3 spell: Conjure Flame
  1405 | D:2      | Learned a level 3 spell: Lesser Beckoning
  1815 | D:2      | Noticed Jessica
  1836 | D:2      | Killed Jessica
  1837 | D:2      | Reached skill level 1 in Translocations
  1837 | D:2      | Reached XP level 4. HP: 5/24 MP: 3/12
  2280 | D:2      | Found a runed translucent door.
  2702 | D:3      | Found a faded altar of an unknown god.
  3573 | D:2      | Noticed Crazy Yiuf
  4143 | D:4      | Reached XP level 5. HP: 28/28 MP: 6/13
  4289 | D:4      | Found Kufur's Overcharged Wands.
  4656 | D:4      | Noticed Menkaure
  4676 | D:4      | HP: 1/28 [Menkaure/nerve-wracking pain (5)]
  4680 | D:4      | Killed Menkaure
  4681 | D:4      | Reached skill level 5 in Spellcasting
  4681 | D:4      | Reached XP level 6. HP: 9/32 MP: 11/15
  4924 | D:4      | Found a basalt altar of Yredelemnul.
  5239 | D:2      | Paralysed by Crazy Yiuf for 2 turns
  5240 | D:2      | HP: 1/32 [Crazy Yiuf/+2 quarterstaff of chaos (7)]
  5271 | D:2      | Killed Crazy Yiuf
  5428 | D:2      | Learned a level 2 spell: Blink
  5431 | D:2      | Learned a level 2 spell: Scorch
  5435 | D:2      | Learned a level 3 spell: Inner Flame
  5560 | D:5      | Entered Level 5 of the Dungeon
  5577 | D:5      | Found an opulent altar of Gozag.
  5577 | D:5      | Found a shimmering blue altar of Sif Muna.
  5578 | D:5      | Found a white marble altar of Elyvilon.
  5581 | D:5      | Became a worshipper of Gozag Ym Sagoz the Greedy
  5646 | D:5      | Found a shimmering altar of Xom.
  5657 | D:5      | Reached skill level 5 in Fire Magic
  5822 | D:5      | Identified the +1 hand axe of Disarray {elec, Str+4}
  5858 | D:5      | Noticed an ice beast
  5868 | D:5      | Killed an ice beast
  5869 | D:5      | Reached XP level 7. HP: 25/36 MP: 8/16
  5962 | D:5      | Reached skill level 5 in Conjurations
  6081 | D:5      | Found a glowing golden altar of the Shining One.
  6404 | D:6      | Found a stormy altar of Qazlal.
  6406 | D:6      | Found Famapau's Book Emporium.
  6489 | D:6      | Reached skill level 5 in Translocations
  7147 | D:6      | Reached XP level 8. HP: 41/41 MP: 14/18
  7673 | D:6      | Reached skill level 1 in Shields
  7811 | D:6      | Found a runed translucent gate.
  7812 | D:6      | Found a runed translucent gate.
  7813 | D:6      | Found a runed translucent gate.
  7814 | D:6      | Noticed Twinkles's ghost (novice VSCj)
  8361 | D:6      | Found a staircase to the Ecumenical Temple.
  8371 | Temple   | Entered the Ecumenical Temple
  8884 | D:7      | Found a transporter.
  8885 | D:7      | Noticed GnoME's ghost (novice TrBe)
  8886 | D:7      | Noticed a kobold demonologist
  9032 | D:7      | Reached skill level 1 in Fighting
  9093 | D:7      | Found a transporter.
  9511 | D:7      | Reached XP level 9. HP: 35/47 MP: 8/20
 10432 | D:8      | Reached skill level 5 in Dodging
 10996 | D:8      | Noticed Prince Ribbit
 11001 | D:8      | Killed Prince Ribbit
 11002 | D:8      | Reached skill level 5 in Fighting
 11113 | D:8      | Found a blossoming altar of Fedhas.
 11441 | D:8      | HP: 1/54 [something/ball of steam (18)]
 11452 | D:8      | Killed from afar by a steam dragon

Illustrated notes

Levels and vault maps discovered:
D:1:      lemuel_arrival_hallway, layout_basic,
          amcnicky_mini_rare_corridor_liquid
D:2:      layout_rooms, dk_noncrumbling_3, chequers_serial_rivers_room_a,
          uniq_crazy_yiuf_cottage, uniq_jessica
D:3:      layout_basic, hellmonk_ecumenical_altar_pennies_from_heaven,
          grunt_ministairs_3
D:4:      layout_basic, yredelemnul_forgotten_temple_becter,
          nicolae_shop_overcharged_wands, uniq_menkaure
D:5:      layout_rooms, tso_altar, nicolae_overflow_quartered_altars,
          minmay_statues_item
D:6:      layout_loops_corners, mainiacjoe_overflow_cross_hatched, temple_hall,
          serial_shops, shop, biasface_ghost_orc_armoury
D:7:      layout_gridville, serial_rivers, chequers_serial_rivers_small_3,
          chequers_serial_rivers_micro_c, chequers_serial_rivers_room_a,
          chequers_serial_rivers_large_a, chequers_serial_rivers_micro_e,
          gammafunk_ghost_arena, minivault_11
D:8:      old_forge, layout_gridville, mainiacjoe_overflow_paths,
          serial_demonic, serial_demonic_e, serial_demonic_a, serial_demonic_e,
          serial_demonic_e, serial_demonic_f, serial_demonic_a,
          serial_demonic_f, uniq_prince_ribbit1
Temple:   chequers_temple_sunken

Skill      XL: |  1  2  3  4  5  6  7  8  9 |
---------------+----------------------------+-----
Conjurations   | 2 3 4 5 6 |  6.0
Spellcasting   | 4 5 6 |  6.0
Translocations | 1 2 3 4 6 |  6.0
Fire Magic     | 4 5 6 |  6.0
Shields        | 4 |  4.0
Fighting       | 2 5 |  5.5
Dodging        | 3 6 |  6.2
Stealth        | |  2.4

Action                   |  1- 3 |  4- 6 |  7- 9 || total
-------------------------+-------+-------+-------++-------
Melee: Dagger            |       |       |    12 ||    12
 Cast: Foxfire           |   134 |   108 |   240 ||   482
       Conjure Flame     |       |     8 |    10 ||    18
       Lesser Beckoning  |       |     3 |    15 ||    18
       Scorch            |       |     2 |     3 ||     5
       Blink             |       |       |     8 ||     8
  Use: Potion            |       |     2 |     1 ||     3
       Scroll            |       |     1 |       ||     1
Armor: Robe              |     2 |     6 |    11 ||    19
Dodge: Dodged            |     7 |    21 |    33 ||    61
Block: Buckler           |       |       |     9 ||     9
